 Dungeon Sprint DCSS version 0.21.1-1-g345015f (webtiles) character file.

35897 Gingerlord the Blocker (level 13, -2/114 HPs)
             Began as a Gnoll Fighter on July 7, 2018.
             Was an Initiate of Gozag.
             Slain by a white very ugly thing (16 damage)
             ... in the Dungeon (Sprint IX: "|||||||||||||||||||||||||||||").
             The game lasted 00:29:55 (6495 turns).

Gingerlord the Blocker (Gnoll Fighter)              Turns: 6495, Time: 00:29:56

Health: -2/114     AC: 21    Str: 20    XL:     13   Next: 86%
Magic:  30/30      EV: 22    Int: 17    God:    Gozag
Gold:   2323       SH: 15    Dex: 26    Spells: 38/38 levels left

rFire    + + +     SeeInvis .   D - +8 broad axe of Iconoclasm {venom, Int+6}
rCold    x . .     Gourm    .   c - +0 shield
rNeg     . . .     Faith    .   r - +0 fire dragon scales "Homuatem" {rF++ rC- Dex+8}
rPois    +         Spirit   .   q - +0 helmet of Uco Oth {+Fly rF++}
rElec    .         Reflect  .   G - +1 cloak
rCorr    .         Harm     .   (no gloves)
MR       .....     NoTele   +   y - +0 pair of boots
Stlth    ++++......             (no amulet)
HPRegen  0.29/turn              s - +2 ring of protection
MPRegen  0.22/turn              F - ring of poison resistance

@: no status effects
A: distributed training, fangs 1, strong nose
a: Potion Petition, Call Merchant, Bribe Branch, Renounce Religion, Evoke Flight


You were in the Dungeon.
You worshipped Gozag.
Gozag was most pleased with you.
You were not hungry.

You visited 1 branch You collected 13760 gold pieces.
You spent 5732 gold pieces at shops.
You paid 5705 gold pieces to Gozag.

Inventory:

Hand Weapons
 p - a +3 war axe of flaming
 D - the +8 broad axe of Iconoclasm (weapon) {venom, Int+6}
   (You bought it in a shop in the Dungeon)

   It poisons the flesh of those it strikes.
   It affects your intelligence (+6).
Armour
 c - a +0 shield (worn)
 q - the +0 helmet of Uco Oth (worn) {+Fly rF++}
   (You bought it in a shop in the Dungeon)

   It greatly protects you from fire.
   It lets you fly.
 r - the +0 fire dragon scales "Homuatem" (worn) {rF++ rC- Dex+8}
   (You bought it in a shop in the Dungeon)

   It affects your dexterity (+8).
   It greatly protects you from fire.
   It makes you vulnerable to cold.
 y - a +0 pair of boots (worn)
 G - a +1 cloak (worn)
 H - a +2 chain mail of poison resistance
Jewellery
 s - a +2 ring of protection (left hand)
 t - a +2 ring of evasion
 E - an uncursed ring of protection from cold
 F - a ring of poison resistance (right hand)
Wands
 d - a wand of paralysis (3)
 o - a wand of acid (26)
 z - a wand of polymorph (5)
Scrolls
 k - 2 scrolls of blinking
 m - 2 scrolls of remove curse
 n - 2 scrolls of amnesia
 w - 6 scrolls of enchant weapon
 x - a scroll of fear
 B - 2 scrolls of enchant armour
Potions
 a - a potion of resistance
 b - 3 potions of agility
 h - 2 potions of haste
 i - 5 potions of magic
 j - 3 potions of berserk rage
 l - a potion of invisibility
 A - a potion of degeneration {unknown}
Miscellaneous
 u - a phantom mirror
 v - a box of beasts
 C - a lightning rod (3/4)
Comestibles
 f - 6 rations


   Skills:
 + Level 14.5 Fighting
 + Level 13.3 Short Blades
 + Level 13.3 Long Blades
 + Level 14.0 Axes
 + Level 13.3 Maces & Flails
 + Level 13.3 Polearms
 + Level 13.3 Staves
 + Level 13.3 Slings
 + Level 13.3 Bows
 + Level 13.3 Crossbows
 + Level 13.3 Throwing
 + Level 14.5 Armour
 + Level 13.3 Dodging
 + Level 13.3 Stealth
 + Level 14.5 Shields
 + Level 13.3 Unarmed Combat
 + Level 13.3 Spellcasting
 + Level 11.4 Conjurations
 + Level 11.4 Hexes
 + Level 11.4 Charms
 + Level 11.4 Summonings
 + Level 11.4 Necromancy
 + Level 11.4 Translocations
 + Level 11.4 Transmutations
 + Level 11.4 Fire Magic
 + Level 11.4 Ice Magic
 + Level 11.4 Air Magic
 + Level 11.4 Earth Magic
 + Level 11.4 Poison Magic
 + Level 14.3 Invocations
 + Level 13.3 Evocations


You had 38 spell levels left.
You didn't know any spells.

Dungeon Overview and Level Annotations

Branches:
Dungeon (1/1)

Altars:
Cheibriados
Dithmenos
Elyvilon
Fedhas
Gozag
Hepliaklqana
Kikubaaqudgha
Makhleb
Nemelex Xobeh
Okawaru
Qazlal
Ru
Sif Muna
Trog
Uskayaw
Vehumet
Wu Jian
Xom
Yredelemnul
Zin
The Shining One
Beogh
Jiyva
Lugonu

Shops:
D (:}:*((**


Innate Abilities, Weirdness & Mutations

Your experience applies equally to all skills.
You have very sharp teeth.
Your uncanny sense of smell can sniff out nearby items.


Message History

The white very ugly thing is heavily wounded.
The white very ugly thing engulfs you.
The white very ugly thing freezes you!!!
* * * LOW HITPOINT WARNING * * *
You block the white very ugly thing's attack.
The white very ugly thing closely misses you.
You start to feel less resistant.
The Ice Fiend is distracted by the nearby gold.
Your magical contamination has completely faded away.
Your resistance to elements expires.
Evoke which item? (* to show all) (? for menu, Esc to quit)
Aiming: Thunderbolt
Press: ? - help, Shift-Dir - straight line, f - white very ugly thing
Aim: a white very ugly thing (moderately wounded)
The thunderbolt hits the white very ugly thing.
The white very ugly thing is moderately wounded.
The white very ugly thing completely misses you.
The white very ugly thing engulfs you!
You die...
Your body crumbles into a pile of gold.

.▓.▓.▓.▓.▓[▓.▓.▓.▓ ∆
.▓.▓.▓.▓.▓[▓.▓'▓.▓ ∆
.▓.▓[▓.▓.▓[▓.♣.♣.▓ ∆
.▓.▓.▓.▓.▓.▓)♣.♣.▓C▓
∆
.▓.▓.▓.▓.▓)▓.♣.♣.▓C▓
∆
.▓'▓.▓.▓.▓)▓.♣.♣.▓W▓
.▓.▓.▓[▓.▓)▓.♣.♣.▓L▓
.▓.▓.▓)▓.▓)▓.♣.♣.▓1▓
.▓.▓.▓[▓.▓)▓.♣.♣@▓u▓
∆
.▓.▓.▓[▓.▓)▓.♣.♣u▓$▓
∆
.▓.▓.▓[▓.▓)▓.♣)♣.▓.▓
∆
.▓(▓.▓)▓.▓)▓.♣'♣.▓.▓
∆
.▓.▓.▓[▓.▓.▓.▓)▓.▓.▓
∆
.▓)▓.▓'▓.▓=▓.▓.▓.▓.▓
.▓.▓.▓∩▓.▓=▓.▓.▓.▓.▓
.▓.▓.▓.▓.▓.▓.▓.▓.▓.▓
.▓.▓.▓.▓.▓.▓.▓.▓.▓.▓


You could see a white very ugly thing.

Vanquished Creatures
  A thorn hunter (D)
  Gastronok (D)
  A stone giant (D)
  Nessos (D)
  Azrael (D)
  A spark wasp (D)
  A merfolk javelineer (D)
  A rakshasa (D)
  Harold (D)
  A spriggan air mage (D)
  A hydra (D)
  2 ice dragons (D)
  An anaconda (D)
  A merfolk aquamancer (D)
  2 centaur warriors (D)
  A satyr (D)
  A deep troll shaman (D)
  A tengu warrior (D)
  Urug (D)
  2 orc high priests (D)
  A sea snake (D)
  An unseen horror (D)
  2 spriggan druids (D)
  2 naga ritualists (D)
  A swamp dragon (D)
  An orb spider (D)
  4 orc knights (D)
  A wolf spider (D)
  A moth of wrath (D)
  2 slime creatures (D)
  A cyclops (D)
  A merfolk siren (D)
  A guardian serpent (D)
  Maurice (D)
  Joseph (D)
  2 black mambas (D)
  2 spiny frogs (D)
  2 naga magi (D)
  2 komodo dragons (D)
  A yaktaur (D)
  2 demonic crawlers (D)
  2 merfolk (D)
  4 tyrant leeches (D)
  A jumping spider (D)
  4 hippogriffs (D)
  3 redbacks (D)
  A water elemental (D)
  3 wyverns (D)
  2 fire elementals (D)
  Grum (D)
  A vampire mosquito (D)
  A naga (D)
  3 hell hounds (D)
  5 porcupines (D)
  A black bear (D)
  8 orc warriors (D)
  A phantom (D)
  3 wolves (D)
  A centaur (D)
  2 crocodiles (D)
  7 bullfrogs (D)
  A killer bee (D)
  A crimson imp (D)
  5 orc priests (D)
  4 orc wizards (D)
  A worker ant (D)
  2 adders (D)
  6 worms (D)
  2 leopard geckos (D)
  15 orcs (D)
  A goblin (D)
  2 kobolds (D)
  A frilled lizard (D)
  A jackal zombie (D)
  A rat (D)
152 creatures vanquished.

Vanquished Creatures (others)
  An unseen horror (D)
  A vampire mosquito (D)
  A swamp drake (D)
  5 briar patches (D)
8 creatures vanquished.

Grand Total: 160 creatures vanquished

Notes
Turn   | Place    | Note
-------+----------+-------------------------------------------
     0 | D        | Gingerlord the Gnoll Fighter began the quest for the Orb.
     0 | D        | Reached XP level 1. HP: 23/23 MP: 1/1
    21 | D        | Reached skill level 1 in Invocations
    28 | D        | Noticed a worker ant
    34 | D        | Killed a worker ant
    34 | D        | Reached skill level 1 in Short Blades
    34 | D        | Reached skill level 1 in Long Blades
    34 | D        | Reached skill level 1 in Maces & Flails
    34 | D        | Reached skill level 1 in Polearms
    34 | D        | Reached skill level 1 in Staves
    34 | D        | Reached skill level 1 in Slings
    34 | D        | Reached skill level 1 in Bows
    34 | D        | Reached skill level 1 in Crossbows
    34 | D        | Reached skill level 1 in Throwing
    34 | D        | Reached skill level 1 in Dodging
    34 | D        | Reached skill level 1 in Stealth
    34 | D        | Reached skill level 1 in Unarmed Combat
    34 | D        | Reached skill level 1 in Spellcasting
    34 | D        | Reached skill level 1 in Conjurations
    34 | D        | Reached skill level 1 in Hexes
    34 | D        | Reached skill level 1 in Charms
    34 | D        | Reached skill level 1 in Summonings
    34 | D        | Reached skill level 1 in Necromancy
    34 | D        | Reached skill level 1 in Translocations
    34 | D        | Reached skill level 1 in Transmutations
    34 | D        | Reached skill level 1 in Fire Magic
    34 | D        | Reached skill level 1 in Ice Magic
    34 | D        | Reached skill level 1 in Air Magic
    34 | D        | Reached skill level 1 in Earth Magic
    34 | D        | Reached skill level 1 in Poison Magic
    34 | D        | Reached skill level 1 in Evocations
    34 | D        | Reached XP level 2. HP: 20/29 MP: 2/4
    34 | D        | Reached XP level 3. HP: 24/35 MP: 2/5
    44 | D        | Reached skill level 5 in Axes
   228 | D        | Found a roughly hewn altar of Beogh.
   228 | D        | Found a snail-covered altar of Cheibriados.
   228 | D        | Found a shadowy altar of Dithmenos.
   228 | D        | Found a white marble altar of Elyvilon.
   228 | D        | Found a blossoming altar of Fedhas.
   228 | D        | Found an opulent altar of Gozag.
   229 | D        | Found a hazy altar of Hepliaklqana.
   230 | D        | Found a viscous altar of Jiyva.
   231 | D        | Found an ancient bone altar of Kikubaaqudgha.
   232 | D        | Found a corrupted altar of Lugonu.
   233 | D        | Found a burning altar of Makhleb.
   234 | D        | Found a sparkling altar of Nemelex Xobeh.
   235 | D        | Found an iron altar of Okawaru.
   236 | D        | Became a worshipper of Gozag Ym Sagoz the Greedy
   237 | D        | Found a stormy altar of Qazlal.
   238 | D        | Found a sacrificial altar of Ru.
   239 | D        | Found a deep blue altar of Sif Muna.
   240 | D        | Found a bloodstained altar of Trog.
   241 | D        | Found a hide-covered altar of Uskayaw.
   242 | D        | Found a radiant altar of Vehumet.
   243 | D        | Found an ornate altar of the Wu Jian Council.
   244 | D        | Found a shimmering altar of Xom.
   245 | D        | Found a basalt altar of Yredelemnul.
   246 | D        | Found a glowing silver altar of Zin.
   247 | D        | Found a glowing golden altar of the Shining One.
   306 | D        | Noticed a bullfrog
   306 | D        | Noticed a wyvern
   306 | D        | Noticed a black bear
   306 | D        | Noticed a killer bee
   306 | D        | Noticed a bullfrog
   311 | D        | Killed a bullfrog
   311 | D        | Reached XP level 4. HP: 38/43 MP: 6/8
   318 | D        | Reached XP level 5. HP: 26/48 MP: 7/10
   322 | D        | Killed a black bear
   322 | D        | Reached XP level 6. HP: 36/56 MP: 7/12
   328 | D        | Killed a wyvern
   328 | D        | Reached skill level 5 in Invocations
   330 | D        | Reached skill level 5 in Short Blades
   330 | D        | Reached skill level 5 in Long Blades
   330 | D        | Reached skill level 5 in Maces & Flails
   330 | D        | Reached skill level 5 in Polearms
   330 | D        | Reached skill level 5 in Staves
   330 | D        | Reached skill level 5 in Slings
   330 | D        | Reached skill level 5 in Bows
   330 | D        | Reached skill level 5 in Crossbows
   330 | D        | Reached skill level 5 in Throwing
   330 | D        | Reached skill level 5 in Dodging
   330 | D        | Reached skill level 5 in Stealth
   330 | D        | Reached skill level 5 in Unarmed Combat
   330 | D        | Reached skill level 5 in Spellcasting
   330 | D        | Reached skill level 5 in Evocations
   330 | D        | Reached XP level 7. HP: 33/63 MP: 8/14
   339 | D        | Killed an unseen horror
   339 | D        | Reached skill level 5 in Conjurations
   339 | D        | Reached skill level 5 in Hexes
   339 | D        | Reached skill level 5 in Charms
   339 | D        | Reached skill level 5 in Summonings
   339 | D        | Reached skill level 5 in Necromancy
   339 | D        | Reached skill level 5 in Translocations
   339 | D        | Reached skill level 5 in Transmutations
   339 | D        | Reached skill level 5 in Fire Magic
   339 | D        | Reached skill level 5 in Ice Magic
   339 | D        | Reached skill level 5 in Air Magic
   339 | D        | Reached skill level 5 in Earth Magic
   339 | D        | Reached skill level 5 in Poison Magic
   339 | D        | Reached XP level 8. HP: 14/71 MP: 10/17
   611 | D        | Noticed a cyclops
   611 | D        | Noticed a hippogriff
   611 | D        | Noticed a centaur warrior
   611 | D        | Noticed a wyvern
   614 | D        | Killed a wyvern
   622 | D        | Killed a centaur warrior
   622 | D        | Reached XP level 9. HP: 64/78 MP: 17/19
   639 | D        | Killed a cyclops
   639 | D        | Reached skill level 10 in Fighting
   639 | D        | Reached skill level 10 in Armour
   639 | D        | Reached skill level 10 in Shields
   875 | D        | Noticed a spiny frog
   875 | D        | Noticed a komodo dragon
   875 | D        | Noticed a spiny frog
   880 | D        | Killed a spiny frog
   887 | D        | Killed a komodo dragon
   898 | D        | Reached XP level 10. HP: 73/86 MP: 22/22
   901 | D        | Killed a spiny frog
  1074 | D        | Noticed a four-headed hydra
  1097 | D        | Reached skill level 10 in Axes
  1102 | D        | Killed a one-headed hydra
  1115 | D        | Reached skill level 10 in Invocations
  1693 | D        | Noticed Maurice
  1702 | D        | Killed Maurice
  1719 | D        | Noticed Gastronok
  1733 | D        | Killed Gastronok
  1733 | D        | Reached XP level 11. HP: 60/94 MP: 24/24
  1983 | D        | Noticed an orc knight
  1983 | D        | Noticed an orc knight
  2196 | D        | Bought a spiked helmet for 342 gold pieces
  2196 | D        | Bought a shiny chain mail for 270 gold pieces
  2217 | D        | Identified the cursed +0 helmet of Uco Oth {+Fly rF++} (You bought it in a shop in the Dungeon)
  2251 | D        | Killed an orc knight
  2251 | D        | Reached skill level 10 in Short Blades
  2251 | D        | Reached skill level 10 in Long Blades
  2251 | D        | Reached skill level 10 in Maces & Flails
  2251 | D        | Reached skill level 10 in Polearms
  2251 | D        | Reached skill level 10 in Staves
  2251 | D        | Reached skill level 10 in Slings
  2251 | D        | Reached skill level 10 in Bows
  2251 | D        | Reached skill level 10 in Crossbows
  2251 | D        | Reached skill level 10 in Throwing
  2251 | D        | Reached skill level 10 in Dodging
  2251 | D        | Reached skill level 10 in Stealth
  2251 | D        | Reached skill level 10 in Unarmed Combat
  2251 | D        | Reached skill level 10 in Spellcasting
  2251 | D        | Reached skill level 10 in Evocations
  2262 | D        | Killed an orc knight
  2527 | D        | Found Liyf's General Store.
  2527 | D        | Noticed an orc knight
  2527 | D        | Noticed an orc knight
  2527 | D        | Noticed an orc high priest
  2539 | D        | Killed an orc high priest
  2540 | D        | Found Ugafapt's Book Shop.
  2556 | D        | Killed an orc knight
  2565 | D        | Killed an orc knight
  2583 | D        | Bought a runed bardiche for 408 gold pieces
  2832 | D        | Found Guotaoc's Gadget Boutique.
  2836 | D        | Found Qasaa's Book Shop.
  2842 | D        | Noticed an orc high priest
  2851 | D        | Noticed a sun demon
  2871 | D        | Killed an orc high priest
  2897 | D        | Bought a phantom mirror for 330 gold pieces
  2897 | D        | Bought a ration for 55 gold pieces
  2901 | D        | Bought a lightning rod (4/4) for 440 gold pieces
  2901 | D        | Bought a wand of acid (9) for 286 gold pieces
  2901 | D        | Bought a wand of acid (6) for 220 gold pieces
  3154 | D        | Bought the +8 broad axe of Iconoclasm {venom, Int+6} for 901 gold pieces
  3183 | D        | Noticed Harold
  3202 | D        | Killed Harold
  3482 | D        | Noticed Urug
  3493 | D        | Killed Urug
  3493 | D        | Reached XP level 12. HP: 73/103 MP: 26/26
  3612 | D        | Noticed Joseph
  3622 | D        | Killed Joseph
  3748 | D        | Noticed a centaur warrior
  3761 | D        | Killed a centaur warrior
  3764 | D        | Noticed a tengu warrior
  3767 | D        | Noticed a deep troll shaman
  3782 | D        | Killed a tengu warrior
  3785 | D        | Killed a deep troll shaman
  3792 | D        | Noticed an ice dragon
  3794 | D        | Noticed an ice dragon
  3798 | D        | Noticed a stone giant
  4193 | D        | Killed an ice dragon
  4595 | D        | Killed an ice dragon
  4606 | D        | Killed a stone giant
  4765 | D        | Noticed Nessos
  4767 | D        | Noticed Azrael
  4773 | D        | Reached skill level 10 in Conjurations
  4773 | D        | Reached skill level 10 in Hexes
  4773 | D        | Reached skill level 10 in Charms
  4773 | D        | Reached skill level 10 in Summonings
  4773 | D        | Reached skill level 10 in Necromancy
  4773 | D        | Reached skill level 10 in Translocations
  4773 | D        | Reached skill level 10 in Transmutations
  4773 | D        | Reached skill level 10 in Fire Magic
  4773 | D        | Reached skill level 10 in Ice Magic
  4773 | D        | Reached skill level 10 in Air Magic
  4773 | D        | Reached skill level 10 in Earth Magic
  4773 | D        | Reached skill level 10 in Poison Magic
  4785 | D        | Killed Nessos
  4798 | D        | Killed Azrael
  4968 | D        | Noticed Grum
  4979 | D        | Killed Grum
  5032 | D        | Noticed a thorn hunter
  5342 | D        | Killed a thorn hunter
  5342 | D        | Reached XP level 13. HP: 95/111 MP: 29/29
  5837 | D        | Noticed a merfolk javelineer
  5853 | D        | Killed a merfolk javelineer
  6193 | D        | Bought a potion of haste for 310 gold pieces
  6193 | D        | Bought a potion of heal wounds for 155 gold pieces
  6193 | D        | Bought faintly humming fire dragon scales for 2015 gold pieces
  6203 | D        | Identified the cursed +0 fire dragon scales "Homuatem" {rF++ rC- Dex+8} (You bought it in a shop in the Dungeon)
  6424 | D        | Noticed an ettin
  6424 | D        | Noticed a rakshasa
  6424 | D        | Noticed a white very ugly thing
  6424 | D        | Noticed a spark wasp
  6436 | D        | Killed a spark wasp
  6437 | D        | Noticed a lich
  6440 | D        | Noticed a fire giant
  6448 | D        | Killed a rakshasa
  6450 | D        | Noticed an Ice Fiend
  6495 | D        | Slain by a white very ugly thing

Skill      XL: |  1  2  3  4  5  6  7  8  9 10 11 12 13 |
---------------+----------------------------------------+-----
Invocations    | 2 3 4 5 6 7 8 10 11 13 14 | 14.3
Short Blades   | 1 3 4 5 6 7 8 9 10 12 13 | 13.3
Long Blades    | 1 3 4 5 6 7 8 9 10 12 13 | 13.3
Maces & Flails | 1 3 4 5 6 7 8 9 10 12 13 | 13.3
Polearms       | 1 3 4 5 6 7 8 9 10 12 13 | 13.3
Staves         | 1 3 4 5 6 7 8 9 10 12 13 | 13.3
Slings         | 1 3 4 5 6 7 8 9 10 12 13 | 13.3
Bows           | 1 3 4 5 6 7 8 9 10 12 13 | 13.3
Crossbows      | 1 3 4 5 6 7 8 9 10 12 13 | 13.3
Throwing       | 1 3 4 5 6 7 8 9 10 12 13 | 13.3
Dodging        | 1 3 4 5 6 7 8 9 10 12 13 | 13.3
Stealth        | 1 3 4 5 6 7 8 9 10 12 13 | 13.3
Unarmed Combat | 1 3 4 5 6 7 8 9 10 12 13 | 13.3
Spellcasting   | 1 3 4 5 6 7 8 9 10 12 13 | 13.3
Conjurations   | 1 2 3 4 5 6 8 9 10 11 | 11.4
Hexes          | 1 2 3 4 5 6 8 9 10 11 | 11.4
Charms         | 1 2 3 4 5 6 8 9 10 11 | 11.4
Summonings     | 1 2 3 4 5 6 8 9 10 11 | 11.4
Necromancy     | 1 2 3 4 5 6 8 9 10 11 | 11.4
Translocations | 1 2 3 4 5 6 8 9 10 11 | 11.4
Transmutations | 1 2 3 4 5 6 8 9 10 11 | 11.4
Fire Magic     | 1 2 3 4 5 6 8 9 10 11 | 11.4
Ice Magic      | 1 2 3 4 5 6 8 9 10 11 | 11.4
Air Magic      | 1 2 3 4 5 6 8 9 10 11 | 11.4
Earth Magic    | 1 2 3 4 5 6 8 9 10 11 | 11.4
Poison Magic   | 1 2 3 4 5 6 8 9 10 11 | 11.4
Evocations     | 1 3 4 5 6 7 8 9 10 12 13 | 13.3
Axes           | 5 6 7 8 9 10 11 12 14 | 14.0
Fighting       | 7 8 9 10 11 12 13 14 | 14.5
Armour         | 7 8 9 10 11 12 13 14 | 14.5
Shields        | 7 8 9 10 11 12 13 14 | 14.5

Action                   |  1- 3 |  4- 6 |  7- 9 | 10-12 | 13-15 || total
-------------------------+-------+-------+-------+-------+-------++-------
Melee: War axe           |    46 |    18 |    57 |   250 |       ||   371
       Bite              |     5 |     2 |    11 |    59 |    26 ||   103
       Bardiche          |       |       |       |    21 |       ||    21
       Broad axe         |       |       |       |   168 |   168 ||   336
Invok: Call Merchant     |       |       |       |     4 |     1 ||     5
       Potion Petition   |       |       |       |     3 |     1 ||     4
Evoke: Wand              |       |       |       |     4 |       ||     4
       Lightning rod     |       |       |       |       |     1 ||     1
  Use: Potion            |       |     1 |       |    12 |     4 ||    17
       Scroll            |       |       |       |     3 |     3 ||     6
 Stab: Sleeping          |       |       |     1 |     3 |       ||     4
       Distracted        |       |       |     1 |     4 |     3 ||     8
       Invisible         |       |       |       |    11 |     3 ||    14
  Eat: Ration            |       |       |       |     5 |     1 ||     6
Armor: Scale mail        |    15 |       |       |       |       ||    15
       Ring mail         |     4 |     8 |    22 |    13 |       ||    47
       Chain mail        |       |       |       |    56 |    25 ||    81
       Fire dragon scale |       |       |       |       |    21 ||    21
Dodge: Dodged            |     8 |    13 |    26 |   161 |    81 ||   289
Block: Shield            |    23 |    14 |    32 |   176 |    94 ||   339
